 Dungeon Crawl Stone Soup version 0.16.1-11-g651b585 (webtiles) character file.

216151 hhkb the Brawler (level 19, -14/141 (154) HPs)
             Began as a Ghoul Monk on Mar 30, 2015.
             Was an Elder of Makhleb.
             Forgot to exist
             ... caused by a neqoxec
             ... on level 1 of the Abyss on Apr 1, 2015.
             The game lasted 04:30:24 (52394 turns).

hhkb the Brawler (Ghoul Monk)                      Turns: 52394, Time: 04:30:24

HP:   -14/141 (154) AC: 37    Str: 17 (20) XL:     19   Next: 4%
MP:   0/40          EV: 10    Int: -3 (6)  God:    Makhleb [****..]
Gold: 917           SH:  0    Dex: 15 (17) Spells: 6 memorised, 9 levels left

rFire  + . .     SeeInvis .       - Unarmed
rCold  + + .     Clarity  .     X - +10 plate armour of the Orb {rN+ Dex+4 Slay+3}
rNeg   + + +     SustAb   +     (no shield)
rPois  ∞         Gourm    .     v - +2 hat of the Bear Spirit {Spirit, +Rage rN+ MR++}
rElec  +         Spirit   +     g - +0 cloak
rCorr  +         Warding  .     p - +2 pair of gloves
rMut   .         Stasis   .     t - +2 pair of boots
MR     +++..                    Y - amulet of resist corrosion {rCorr, !d}
Stlth  ..........               J - ring of Hard Scrabble {Wiz MP+9}
                                Q - ring of sustain abilities {SustAb}

@: about to teleport, resistant, very slightly contaminated, rotting, hasted
(expiring), lost intelligence, repel missiles, very slow, extremely resistant to
hostile enchantments, extremely unstealthy
A: rotting body, claws 1, carnivore 3, cold resistance 1, negative energy
resistance 3, poison resistance, slow healing 1, torment resistance, unbreathing
a: Minor Destruction, Lesser Servant of Makhleb, Major Destruction, Renounce
Religion
}: 1/15 runes: gossamer


You were on level 1 of the Abyss.
You worshipped Makhleb.
Makhleb was greatly pleased with you.
You were near starving.

You visited 5 branches of the dungeon, and saw 36 of its levels.
You visited the Abyss 1 time.
You also visited: Labyrinth and Ice Cave.

You collected 4324 gold pieces.
You spent 3407 gold pieces at shops.

Inventory:

Hand weapons
 a - a +6 blowgun of evasion
   (You found it on level 12 of the Dungeon)
Missiles
 k - 1080 stones (quivered)
 O - 13 curare-tipped needles
Armour
 g - a +0 cloak (worn)
   (You found it on level 6 of the Lair of Beasts)
 p - a +2 pair of gloves (worn)
   (You found it on level 3 of the Dungeon)
 t - a +2 pair of boots (worn)
   (You found it on level 5 of the Dungeon)
 v - the +2 hat of the Bear Spirit (worn) {Spirit, +Rage rN+ MR++}
   (You bought it in a shop on level 15 of the Dungeon)

   It protects you from negative energy.
   It affects your resistance to hostile enchantments.
   It lets you go berserk.
 I - a +0 pair of boots
   (You found it on level 1 of the Abyss)
 X - the +10 plate armour of the Orb (worn) {rN+ Dex+4 Slay+3}
   (You found it on level 14 of the Dungeon)

   It affects your dexterity (+4).
   It affects your accuracy and damage with ranged weapons and melee attacks
   (+3).
   It protects you from negative energy.
Rods
 C - a +2 rod of shadows (10/10)
   (You found it in a labyrinth)
Jewellery
 e - the amulet "Wah Ewu" {rMut rF+ MP+9 Str+4 Int-5}
   (You found it on level 1 of the Abyss)

   [amulet of resist mutation]

   It protects you from mutation.
   It affects your strength (+4).
   It affects your intelligence (-5).
   It protects you from fire.
   It affects your magic capacity (+9).
 f - an uncursed ring of see invisible {sInv, !d}
   (You found it on level 5 of the Lair of Beasts)
 n - an uncursed ring of protection from fire {rF+, !d}
   (You found it on level 13 of the Dungeon)
 x - an uncursed ring of protection from cold {rC+, !d}
   (You found it in an ice cave)
 F - a +2 ring of evasion
   (You found it on level 7 of the Dungeon)
 J - the ring of Hard Scrabble (right hand) {Wiz MP+9}
   (You found it on level 14 of the Dungeon)

   [ring of wizardry]

   It improves your spell success rate.
   It affects your magic capacity (+9).
 Q - a ring of sustain abilities (left hand) {SustAb}
   (You found it on level 10 of the Dungeon)
 Y - an amulet of resist corrosion (around neck) {rCorr, !d}
   (You found it on level 2 of the Spider Nest)
Magical devices
 d - a wand of teleportation (5)
   (You found it on level 3 of the Shoals)
 u - a wand of disintegration (6)
   (You found it on level 10 of the Dungeon)
 G - a wand of disintegration (12)
   (You found it on level 1 of the Abyss)
 N - a wand of hasting (6)
   (You found it on level 9 of the Dungeon)
Scrolls
 b - a scroll of immolation {!r}
 c - 10 scrolls of fog
 m - 6 scrolls of blinking {!r}
 o - 15 scrolls of remove curse
 q - 7 scrolls of amnesia
 s - 4 scrolls of teleportation
 w - 6 scrolls of magic mapping {!r}
 y - 6 scrolls of fear
 M - 2 scrolls of silence
Potions
 h - 6 potions of brilliance
 i - 15 potions of curing
 l - 3 potions of haste
 r - 4 potions of flight
 z - a potion of agility
 D - a potion of resistance
 E - a potion of invisibility
 H - a potion of cancellation
Miscellaneous
 A - a phantom mirror
 K - a stone of tremors (inert)
   (You found it on level 12 of the Dungeon)
 Z - a lantern of shadows
   (You found it on level 15 of the Dungeon)
Comestibles
 j - 16 meat rations {@e2}


   Skills:
 - Level 10.0 Fighting
 + Level 14.0 Armour
 - Level 10.1 Dodging
 - Level 2.1 Stealth
 - Level 20.0 Unarmed Combat
 - Level 4.0 Spellcasting
 - Level 8.0 Charms
 - Level 8.1 Air Magic
 - Level 12.0 Invocations
 - Level 9.0 Evocations


You had 9 spell levels left.
You knew the following spells:

 Your Spells              Type           Power        Failure   Level  Hunger
d - Repel Missiles        Chrm/Air       #.....       24%         2    ###....
g - Apportation           Tloc           #.........   100%        1    ##.....
s - Swiftness             Chrm/Air       #.......     24%         2    ###....
C - Control Teleport      Chrm/Tloc      #.........   100%        4    #####..
F - Flight                Chrm/Air       #.........   56%         3    ####...
S - Phase Shift           Tloc           #.........   100%        5    ######.


Dungeon Overview and Level Annotations

Branches:
Dungeon (15/15)            Temple (0/1) D:5            Lair (8/8) D:11
 Shoals (4/5) Lair:6       Spider (5/5) Lair:5        Slime (0/6) Lair:6
    Orc (4/4) D:10            Elf (0/3) Orc:4        Vaults (0/5) D:13
 Depths (0/5) D:15

Altars:
Ashenzari
Cheibriados
Gozag
Kikubaaqudgha
Makhleb
Nemelex Xobeh
Okawaru
Qazlal
Ru
Xom
Yredelemnul
Zin
Beogh

Shops:
D:4 ?   D:11 !   D:15 [   Orc:2 *   Orc:3 =!*%   Orc:4 *([:

Portals:
Hell: Lair:8

Annotations:
D:3 Terence
D:9 Shoikan's ghost, experienced MiBe
Lair:5 exclusion: Harold, Harold
Lair:6 exclusion: 3 oklob plants


Innate Abilities, Weirdness & Mutations

Your body is rotting away.
You thrive on raw meat.
You have sharp fingernails.
You are carnivorous and can eat meat at any time.
Your flesh is cold resistant.
You are immune to negative energy.
Your system is resistant to poisons.
You heal slowly when monsters are visible.
You are immune to unholy pain and torment.
You can survive without breathing.


Message History

The neqoxec gestures. x2
The flying skull hits you!
* * * LOW HITPOINT WARNING * * *
You take 7 damage, and have 28/141 hp.
A shadow demon comes into view.
The shadow demon croaks.
The rakshasa weaves an illusion.
The shadow demon gestures.
The small abomination hits you.
* * * LOW HITPOINT WARNING * * *
You take 3 damage, and have 25/141 hp.
Read which item? (? for menu, Esc to quit)
Okay, then.
Unknown command.
Unknown command.
Unknown command.
You feel strangely unstable.
You feel the power of the Abyss delaying your translocation.
This wand has 5 charges left.
The small abomination barely misses you.
The small abomination hits you but does no damage.
The red devil hits you from afar with a demon trident of venom.
* * * LOW HITPOINT WARNING * * *
You take 3 damage, and have 22/141 hp.
Drink which item? (? for menu, Esc to quit)
Okay, then.
Unknown command.
Read which item? (? for menu, Esc to quit)
You almost manage to decipher the scroll, but fail in this attempt.
Your extra speed is starting to run out.
The ufetubus barely misses you. x2
The shadow demon gestures.
The small abomination hits you!
* * * LOW HITPOINT WARNING * * *
The ufetubus hits you but does no damage. x2
The red devil closely misses you.
The neqoxec gestures.
The small abomination hits you but does no damage.
You take 11 damage, and have 11/141 hp.
You now have 1/40 mp.
Okay, then.
Drink which item? (? for menu, Esc to quit)
Okay, then.
Read which item? (? for menu, Esc to quit)
Okay, then.
Read which item? (? for menu, Esc to quit)
Really read
m - 6 scrolls of blinking {!r}?
You almost manage to decipher the scroll, but fail in this attempt.
The neqoxec disappears in a puff of smoke!
The ufetubus hits you but does no damage. x2
The worldbinder calls forth creatures from the Shoals!
The small abomination barely misses you.
The ufetubus barely misses you.
The ufetubus hits you but does no damage.
The neqoxec gestures at you.
Something tries to feed on your intellect!
The shadow demon misses you.
The red devil hits you but does no damage.
The orange demon stings you from afar.
* * * LOW HITPOINT WARNING * * *
The smoke demon gestures at you. The sticky flame hits you!
You are covered in liquid flames!
The small abomination hits you.
* * * LOW HITPOINT WARNING * * *
You take 5 damage, and have 6/141 hp.
Read which item? (? for menu, Esc to quit)
Okay, then.
Aim: an ufetubus (summoned)
Okay, then.
Unknown command.
Unknown command.
Aim: a shadow demon
Okay, then.
Unknown command.
Drink which item? (? for menu, Esc to quit)
Okay, then.
Unknown command.
Drink which item? (? for menu, Esc to quit)
Okay, then.
Unknown command.
Drink which item? (? for menu, Esc to quit)
You feel protected.
You are covered in liquid flames!
* * * LOW HITPOINT WARNING * * *
The ufetubus barely misses you. The ufetubus hits you.
* * * LOW HITPOINT WARNING * * *
The small abomination hits you but does no damage.
The neqoxec gestures at you.
Something tries to feed on your intellect!
The shadow demon hits you but does no damage.
The ufetubus closely misses you. The ufetubus barely misses you.
The red devil hits you but does no damage.
The smoke demon barely misses you. x2
The smoke demon closely misses you.
The orange demon stings you but does no damage.
The merfolk hits you but does no damage.
The small abomination hits you but does no damage.
The neqoxec gestures at you.
You feel somewhat dopey.
You convulse from lack of intelligence!
You die...

#. # Y§ # #. #
..##. . # ...
##. # ##.#3§.
## .
#5.#t######.R.
#5#xx3m3##...#
#.@mHR§5.35.##
#.R3§##§...##
.44.2§.###..#
..#..####..#..#
#.. #.# ..
.#...# . ## #..
##..# .## #...
## .... .


You could see a rakshasa, a merfolk, a shadow demon, an orange demon, an
apocalypse crab, a manticore, a siren, a worldbinder, a smoke demon, 3 neqoxecs,
a red devil, a small abomination, an iron imp and an ufetubus.

Vanquished Creatures
  Polyphemus (Shoals:2)
  A tentacled starspawn (Abyss:1)
  Rupert (Lair:7)
  Agnes (Spider:5)
  Kirke (Spider:5)
  Donald (Spider:1)
  3 ghost moths (Spider:5)
  Gastronok (Lair:2)
  5 emperor scorpions (Spider:5)
  2 very ugly things (Abyss:1)
  A rakshasa (D:15)
  A stone giant (Shoals:2)
  Snorg (Orc:3)
  2 vault guards (D:13)
  3 merfolk impalers
  3 hydras
  Nessos (Spider:1)
  The ghost of Alarkh the Slicer, a powerful SpBe of Trog (Orc:3)
  A centaur warrior (D:13)
  2 merfolk avatars
  2 ogre magi (D:15)
  6 death yaks
  3 tengu warriors
  2 catoblepae
  2 thrashing horrors (Abyss:1)
  A titan zombie (Abyss:1)
  Urug (Orc:2)
  An orc high priest (Orc:4)
  Erolcha (D:11)
  3 wretched stars (Abyss:1)
  4 deep elf knights (D:14)
  A skeletal warrior (D:14)
  2 giant orange brains (Abyss:1)
  A deep troll (shapeshifter) (D:15)
  3 unseen horrors
  8 sea snakes
  7 starcursed masses (Abyss:1)
  An ice statue (IceCv)
  8 hill giants
  8 harpies
  22 orb spiders
  6 orc knights
  3 deep elf conjurers (D:14)
  3 wizards
  36 wolf spiders
  2 hornets
  10 ugly things
  9 fauns
  4 griffons
  6 orc sorcerers
  9 cyclopes
  5 manticores
  An apocalypse crab (Abyss:1)
  6 sirens
  A sixfirhy (Abyss:1)
  2 moths of wrath (Spider:3)
  8 elephants
  4 orange demons
  Joseph (Lair:1)
  3 water nymphs
  A gargoyle (D:11)
  4 smoke demons
  A queen ant (Lair:2)
  5 centaur skeletons
  2 centaur zombies
  A torpor snail (Spider:1)
  6 black mambas
  8 spiny frogs
  2 komodo dragons
  2 hellwings
  3 kobold demonologists (D:15)
  11 large abominations (Abyss:1)
  7 fire drakes
  12 merfolk
  A wind drake (shapeshifter) (D:15)
  2 blink frogs (Lair:8)
  3 red devils
  2 ancient zymes (Abyss:1)
  19 polar bears
  14 demonic crawlers
  6 trolls
  Sonja (Orc:2)
  29 jumping spiders
  4 ravens
  A wind drake (Shoals:3)
  2 snapping turtles
  6 boulder beetles
  A centaur simulacrum (D:14)
  7 two-headed ogres
  3 wyverns
  35 trapdoor spiders
  6 slime creatures (D:14)
  28 tarantellas
  6 basilisks
  3 ynoxinuls
  2 deep elf magi
  A shadow (D:14)
  33 redbacks
  2 water elementals
  14 wolves
  8 small abominations (Abyss:1)
  2 wraiths
  54 yaks
  Grum (Orc:3)
  A golden eye (Abyss:1)
  2 spatial vortices (Abyss:1)
  A fire bat (Abyss:1)
  4 neqoxecs
  10 deep elf fighters (D:14)
  5 wargs
  10 hippogriffs
  4 hungry ghosts
  A steam dragon (D:13)
  2 vampire mosquitoes (D:13)
  A hog (Spider:5)
  A mottled dragon (D:15)
  An insubstantial wisp (Abyss:1)
  3 hell hounds (Lair:8)
  20 water moccasins
  2 porcupines
  6 soldier ants (Lair:2)
  20 orc warriors
  4 sky beasts
  23 spiders
  A black bear (D:6)
  8 ice beasts
  A wasp (D:15)
  A necrophage (D:8)
  18 ogres
  2 phantoms
  A boring beetle (Lair:7)
  9 centaurs
  17 crocodiles
  Duvessa (D:5)
  4 brain worms (Spider:4)
  3 big kobolds
  A gnoll sergeant (D:10)
  2 wyvern zombies
  23 giant frogs
  5 electric eels
  11 scorpions
  12 wights
  6 killer bees
  2 crimson imps
  6 quasits
  Dowan (D:5)
  4 jellies
  19 orc priests
  10 iguanas
  A giant frog skeleton (D:9)
  9 hounds
  3 gnoll shamans
  30 worker ants
  29 orc wizards
  Natasha (D:3)
  A killer bee zombie (D:7)
  20 sheep
  An ogre zombie (Orc:4)
  A hound skeleton (D:6)
  2 mummies
  A worker ant zombie (D:8)
  Robin (D:3)
  8 orc zombies
  29 adders
  21 gnolls
  5 giant mites
  4 shadow imps
  41 river rats
  2 white imps (Abyss:1)
  6 worms
  3 ufetubi (Abyss:1)
  2 adder skeletons
  An adder zombie (D:8)
  5 giant geckos
  An ooze (D:7)
  136 orcs
  2 ball pythons
  A bat skeleton (D:4)
  8 giant cockroaches
  3 gnoll zombies
  26 goblins
  23 hobgoblins
  10 jackals
  5 quokkas
  20 bats
  A giant gecko skeleton (D:4)
  A giant gecko zombie (D:7)
  8 giant newts
  23 kobolds
  A lurking horror (Abyss:1)
  A quokka skeleton (D:4)
  20 rats
  9 ballistomycetes
  5 fungi
  A plant (Shoals:4)
  2 tentacles (Shoals:2)
1423 creatures vanquished.

Vanquished Creatures (collateral kills)
  Norris (Shoals:2)
  An emperor scorpion (Spider:3)
  A frost giant (IceCv)
  An orc warlord (Orc:4)
  A ghost moth (Spider:5)
  An ettin (Orc:4)
  2 vault guards (D:13)
  A rakshasa (D:15)
  A hydra (D:13)
  A catoblepas (Shoals:2)
  2 death yaks
  A thrashing horror (Abyss:1)
  An orc high priest (Orc:3)
  Nergalle (Orc:3)
  A sun demon (Lair:8)
  4 sea snakes
  4 harpies
  An orb spider (Spider:5)
  A hornet (Orc:2)
  An orc sorcerer (Orc:4)
  A wolf spider (Spider:4)
  A faun (Shoals:4)
  A manticore (Shoals:4)
  A worldbinder (Abyss:1)
  2 griffons
  2 cyclopes (Shoals:2)
  A water nymph (Shoals:2)
  3 sirens
  An elephant (Lair:8)
  An orange demon (Lair:8)
  A spiny frog (Lair:6)
  A large abomination (Abyss:1)
  A hellwing (Lair:8)
  A komodo dragon (Lair:8)
  A troll (Orc:4)
  2 merfolk (Shoals:1)
  3 blue devils (Lair:8)
  A small abomination (Abyss:1)
  2 jumping spiders (Spider:3)
  A raiju (Abyss:1)
  A raven (Abyss:1)
  2 blink frogs (Lair:8)
  A basilisk (Lair:8)
  A snapping turtle (Shoals:2)
  3 redbacks
  3 tarantellas
  7 yaks
  2 hippogriffs
  Eustachio (Orc:1)
  A golden eye (Abyss:1)
  2 neqoxecs
  A wolf (IceCv)
  A hungry ghost (Shoals:1)
  2 water moccasins
  5 spiders
  9 orc warriors
  An ice beast (D:13)
  3 ogres (Orc:4)
  A centaur (D:13)
  A wight (Orc:3)
  A jelly (Abyss:1)
  A crimson imp (D:15)
  2 starcursed masses (Abyss:1)
  8 orc priests
  2 orc wizards
  8 river rats
  4 ufetubi (Abyss:1)
  51 orcs
  A goblin (Orc:3)
  A hobgoblin (Orc:3)
  2 giant spores
  A gnoll zombie (Orc:4)
  2 kobolds (D:15)
  An orc zombie (Orc:3)
  3 fungi
  A starspawn tentacle (Abyss:1)
193 creatures vanquished.

Vanquished Creatures (others)
  A lich (Abyss:1)
  A very ugly thing (Shoals:2)
  A centaur warrior (Shoals:3)
  An unseen horror (Shoals:4)
  2 hill giants
  2 ugly things
  A cyclops (Orc:4)
  9 drowned souls (Shoals:4)
  A gargoyle (Abyss:1)
  14 orange demons
  6 smoke demons
  7 hellwings
  A polar bear (IceCv)
  A two-headed ogre (Lair:8)
  2 humans (Spider:5)
  A deep elf mage (D:14)
  2 yaks (Spider:5)
  10 shadows (Abyss:1)
  A wyvern (Shoals:2)
  3 trapdoor spiders
  11 neqoxecs
  A hungry ghost (Lair:8)
  6 ynoxinuls
  A water moccasin (Orc:4)
  A mottled dragon (Spider:1)
  An orc warrior (Lair:7)
  An eye of draining (Lair:8)
  3 earth elementals
  A centaur (Lair:8)
  A small abomination (Abyss:1)
  A brain worm (Spider:5)
  2 giant frogs
  A wight (Spider:5)
  A scorpion (Spider:5)
  4 crimson imps
  An iron imp (Shoals:3)
  A quasit (Lair:8)
  A centaur skeleton (Orc:4)
  2 jellies
  2 orc wizards
  41 ufetubi
  5 orcs
  2 giant spores
  A kobold (Lair:5)
  3 lurking horrors (Abyss:1)
  An orc zombie (Orc:3)
  A bush (Lair:8)
  11 fungi
  37 plants
  11 starspawn tentacles (Abyss:1)
  98 starspawn tentacle segments (Abyss:1)
  8 tentacles (Shoals:2)
  1661 tentacle segments (Shoals:2)
1990 creatures vanquished.

Grand Total: 3606 creatures vanquished

Notes
Turn   | Place    | Note
--------------------------------------------------------------
     0 | D:1      | hhkb, the Ghoul Monk, began the quest for the Orb.
     0 | D:1      | Reached XP level 1. HP: 19/19 MP: 1/1
    44 | D:1      | Reached skill level 5 in Unarmed Combat
    44 | D:1      | Reached XP level 2. HP: 21/26 MP: 2/2
    93 | D:1      | Found a sparkling altar of Nemelex Xobeh.
   244 | D:1      | Reached XP level 3. HP: 14/31 MP: 3/3
  1153 | D:2      | Reached skill level 6 in Unarmed Combat
  1153 | D:2      | Reached XP level 4. HP: 38/38 MP: 3/3
  1187 | D:2      | HP: 9/38 [adder (3)]
  1305 | D:2      | HP: 4/38 [worm (9)]
  1730 | D:2      | Found an opulent altar of Gozag.
  2249 | D:3      | Noticed Terence
  2476 | D:3      | Noticed Robin
  2488 | D:3      | Killed Robin
  2488 | D:3      | Reached XP level 5. HP: 29/45 MP: 4/4
  2933 | D:3      | Reached skill level 7 in Unarmed Combat
  3135 | D:3      | HP: 10/45 [orc wizard/dagger (5)]
  3481 | D:4      | Reached XP level 6. HP: 47/51 MP: 5/5
  3556 | D:4      | Noticed an ogre
  3771 | D:3      | Noticed Natasha
  3781 | D:3      | Killed Natasha
  3781 | D:3      | Reached skill level 8 in Unarmed Combat
  4268 | D:4      | Killed an ogre
  4431 | D:4      | Found a burning altar of Makhleb.
  4442 | D:4      | Found an ancient bone altar of Kikubaaqudgha.
  4508 | D:4      | Found Seha's Magic Scroll Shoppe.
  4553 | D:4      | Became a worshipper of Makhleb the Destroyer
  4553 | D:4      | Acquired Makhleb's first power
  4553 | D:4      | Acquired Makhleb's second power
  4579 | D:4      | Bought a scroll of identify for 22 gold pieces
  4579 | D:4      | Bought a scroll of identify for 22 gold pieces
  4579 | D:4      | Bought a scroll of identify for 22 gold pieces
  4579 | D:4      | Bought a scroll of identify for 22 gold pieces
  4579 | D:4      | Bought a scroll of fear for 38 gold pieces
  4579 | D:4      | Bought a scroll of remove curse for 33 gold pieces
  5112 | D:4      | Reached skill level 9 in Unarmed Combat
  5112 | D:4      | Reached XP level 7. HP: 48/57 MP: 5/5
  5514 | D:5      | Entered Level 5 of the Dungeon
  5673 | D:5      | Found a staircase to the Ecumenical Temple.
  5866 | D:5      | Reached skill level 10 in Unarmed Combat
  5977 | D:5      | Noticed Dowan
  6141 | D:5      | Reached skill level 3 in Dodging
  6167 | D:5      | Noticed Duvessa
  6207 | D:5      | Killed Duvessa
  6207 | D:5      | Reached XP level 8. HP: 54/61 MP: 6/6
  6233 | D:5      | Killed Dowan
  6233 | D:5      | Reached skill level 4 in Dodging
  6533 | D:6      | Acquired Makhleb's third power
  6896 | D:6      | Found a shimmering altar of Xom.
  7105 | D:6      | Reached skill level 5 in Dodging
  7220 | D:6      | Found a stormy altar of Qazlal.
  7366 | D:6      | Reached skill level 6 in Dodging
  7466 | D:6      | Reached skill level 7 in Dodging
  7848 | D:6      | Reached XP level 9. HP: 46/70 MP: 7/7
  7894 | D:6      | Acquired Makhleb's fourth power
  8323 | D:7      | Found a snail-covered altar of Cheibriados.
  8348 | D:7      | Reached skill level 11 in Unarmed Combat
  8690 | D:7      | Acquired Makhleb's fifth power
  8950 | D:7      | Reached skill level 12 in Unarmed Combat
  9578 | D:8      | Reached XP level 10. HP: 49/78 MP: 7/7
  9654 | D:8      | Reached skill level 4 in Fighting
  9654 | D:8      | Reached skill level 13 in Unarmed Combat
  9706 | D:8      | Found a basalt altar of Yredelemnul.
 10272 | D:8      | Reached skill level 5 in Fighting
 10527 | D:9      | Found a sacrificial altar of Ru.
 10532 | D:9      | Found a glowing silver altar of Zin.
 10534 | D:9      | Found an iron altar of Okawaru.
 11165 | D:9      | Noticed Shoikan's ghost (experienced MiBe)
 11283 | D:10     | Entered Level 10 of the Dungeon
 11349 | D:10     | Reached skill level 6 in Fighting
 11349 | D:10     | Reached skill level 8 in Dodging
 11574 | D:10     | Noticed a hill giant
 11602 | D:10     | Killed a hill giant
 11713 | D:10     | Reached skill level 9 in Dodging
 11933 | D:10     | Found an ancient bone altar of Kikubaaqudgha.
 11988 | D:10     | Found a staircase to the Orcish Mines.
 12143 | D:10     | Reached XP level 11. HP: 88/88 MP: 8/8
 12343 | D:10     | Found a roughly hewn altar of Beogh.
 12611 | D:11     | Identified Iskenderun's Collected Works on Confrontation
 12737 | D:11     | Reached skill level 10 in Dodging
 12894 | D:11     | Noticed Erolcha
 13000 | D:11     | Found Ynagoam's Distillery.
 13003 | D:11     | Found a staircase to the Lair.
 13009 | D:11     | Bought a potion of cancellation for 104 gold pieces
 13009 | D:11     | Bought a potion of heal wounds for 65 gold pieces
 13009 | D:11     | Bought 2 potions of agility for 104 gold pieces
 13013 | Lair:1   | Entered Level 1 of the Lair of Beasts
 13358 | Lair:1   | Noticed Joseph
 13369 | Lair:1   | Killed Joseph
 13767 | Lair:1   | HP: 18/89 [komodo dragon[the player character] (17)]
 14108 | Lair:1   | Reached skill level 1 in Invocations
 14194 | Lair:1   | HP: 18/89 [yak (6)]
 14203 | Lair:1   | HP: 18/89 [yak (1)]
 14567 | Lair:1   | Reached skill level 14 in Unarmed Combat
 14594 | Lair:1   | Reached skill level 2 in Invocations
 14876 | Lair:2   | Reached skill level 3 in Invocations
 14953 | Lair:2   | HP: 17/86 [black mamba (7)]
 15280 | Lair:2   | Reached skill level 1 in Armour
 15402 | Lair:2   | Reached skill level 2 in Armour
 15579 | Lair:2   | Reached skill level 3 in Armour
 15774 | Lair:2   | Noticed Gastronok
 15986 | Lair:2   | Killed Gastronok
 15986 | Lair:2   | Reached skill level 5 in Armour
 16217 | Lair:2   | Reached skill level 6 in Armour
 16247 | Lair:2   | Reached XP level 12. HP: 69/96 MP: 16/16
 16608 | Lair:3   | Reached skill level 4 in Invocations
 16745 | Lair:3   | Reached skill level 5 in Invocations
 16918 | Lair:3   | Reached skill level 6 in Invocations
 17554 | Lair:4   | Found a labyrinth entrance.
 17576 | Lab      | Entered a labyrinth
 18128 | Lab      | Noticed a minotaur
 18707 | Lab      | HP: 12/92 [minotaur/steaming scimitar {flame} (19)]
 18759 | Lab      | Got a fabulously ornate robe
 18759 | Lab      | Got a shimmering hand axe
 18886 | Lair:3   | HP: 19/92 [crocodile (10)]
 19012 | Lair:3   | Identified the cursed -3 robe "Dutuv" {MR- Int+4} (You found it in a labyrinth)
 19046 | Lair:3   | Identified a +2 rod of shadows (10/10) (You found it in a labyrinth)
 19047 | Lair:3   | Identified the +9 hand axe "Gumm" {elec, +Blink rElec rPois Int-3 Stlth-} (You found it in a labyrinth)
 19124 | Lair:4   | Identified a scroll of acquirement
 19125 | Lair:4   | Got a dazzling helmet
 19136 | Lair:4   | Identified the +1 helmet "Thraschaoc" {rN+} (You acquired it on level 4 of the Lair of Beasts)
 19284 | Lair:4   | Reached skill level 7 in Invocations
 19517 | Lair:4   | Reached skill level 8 in Invocations
 19574 | Lair:4   | HP: 16/95 [fire drake/blast of flame (13)]
 19575 | Lair:4   | Reached skill level 9 in Invocations
 19582 | Lair:4   | HP: 20/95 [basilisk (3)]
 19584 | Lair:4   | HP: 9/95 [basilisk (11)]
 19711 | Lair:4   | Found a hole to the Spider Nest.
 20014 | Lair:5   | Found a hole to the Spider Nest.
 20350 | Lair:5   | Reached skill level 1 in Evocations
 20481 | Lair:5   | Reached skill level 2 in Evocations
 20585 | Lair:5   | Noticed Harold
 21030 | Lair:6   | Reached skill level 3 in Evocations
 21041 | Lair:6   | Reached XP level 13. HP: 102/102 MP: 25/25
 21737 | Lair:6   | Reached skill level 4 in Evocations
 21855 | Lair:6   | Found a staircase to the Shoals.
 21938 | Lair:6   | Found a staircase to the Slime Pits.
 22317 | Lair:7   | Learned a level 1 spell: Apportation
 22500 | Lair:7   | Reached skill level 15 in Unarmed Combat
 22557 | Lair:7   | Noticed Rupert
 22575 | Lair:7   | Killed Rupert
 22575 | Lair:7   | Reached skill level 5 in Evocations
 23455 | Lair:8   | Entered Level 8 of the Lair of Beasts
 23522 | Lair:8   | Reached skill level 6 in Evocations
 23573 | Lair:8   | Found an ancient bone altar of Kikubaaqudgha.
 24313 | Lair:8   | Reached skill level 10 in Invocations
 24930 | Lair:8   | Reached skill level 16 in Unarmed Combat
 25068 | Lair:8   | Found a burning altar of Makhleb.
 25081 | Lair:8   | HP: 24/102 [hell hound/blast of flame (11)]
 25095 | Lair:8   | Noticed Foefajye the pandemonium lord
 25095 | Lair:8   | HP: 24/102 [sun demon (2)]
 25873 | Lair:8   | Found a gateway to Hell.
 26252 | Lair:8   | Reached skill level 17 in Unarmed Combat
 26252 | Lair:8   | Reached XP level 14. HP: 110/110 MP: 26/26
 26753 | D:11     | Killed Erolcha
 27728 | D:12     | Reached skill level 18 in Unarmed Combat
 27904 | Orc:1    | Entered Level 1 of the Orcish Mines
 28560 | Orc:1    | Reached skill level 7 in Fighting
 28925 | Orc:1    | Noticed Eustachio
 28933 | Orc:1    | Killed Eustachio
 29112 | Orc:2    | Noticed Urug
 29127 | Orc:2    | Killed Urug
 29348 | Orc:3    | Noticed Grum
 29386 | Orc:3    | Reached skill level 8 in Fighting
 29448 | Orc:3    | Killed Grum
 29477 | Orc:3    | Found Khunwa's Food Boutique.
 29542 | Orc:3    | Noticed Alarkh's ghost (powerful SpBe)
 29573 | Orc:3    | HP: 28/115 [Alarkh's ghost (9)]
 29596 | Orc:3    | Found Twunt's Assorted Antiques.
 29646 | Orc:3    | HP: 17/115 [orc knight/great mace (21)]
 29666 | Orc:3    | Noticed Nergalle
 29682 | Orc:3    | Killed Nergalle
 29749 | Orc:3    | Bought a scroll of identify for 50 gold pieces
 29749 | Orc:3    | Bought a scroll of fog for 50 gold pieces
 29749 | Orc:3    | Bought a blackened brass wand for 100 gold pieces
 29749 | Orc:3    | Bought a pair of spiked gloves for 237 gold pieces
 29759 | Orc:3    | Identified the +1 pair of gloves "Ple Leiv" {rC+} (You bought it in a shop on level 3 of the Orcish Mines)
 29831 | Orc:3    | Found Bucwoonn's Distillery.
 29842 | Orc:3    | Bought 2 potions of curing for 78 gold pieces
 29842 | Orc:3    | Bought a potion of heal wounds for 65 gold pieces
 29842 | Orc:3    | Bought a potion of curing for 39 gold pieces
 29842 | Orc:3    | Bought a potion of curing for 39 gold pieces
 29842 | Orc:3    | Bought a potion of curing for 39 gold pieces
 29842 | Orc:3    | Bought a potion of haste for 130 gold pieces
 29928 | Orc:3    | Found Cronogg's Jewellery Boutique.
 29934 | Orc:3    | Bought an uncursed amulet of guardian spirit for 390 gold pieces
 30307 | Orc:3    | Noticed Snorg
 30592 | Orc:3    | Killed Snorg
 30592 | Orc:3    | Reached skill level 7 in Armour
 30706 | Orc:4    | Entered Level 4 of the Orcish Mines
 30706 | Orc:4    | Found Strykiaxt's Antique Weapon Boutique.
 30858 | Orc:4    | Found Giochegh's Book Emporium.
 31015 | Orc:4    | Found a staircase to the Elven Halls.
 31065 | Orc:4    | Reached skill level 8 in Armour
 31066 | Orc:4    | Found a roughly hewn altar of Beogh.
 31315 | Orc:4    | Noticed an orc warlord
 31327 | Orc:4    | Killed an orc warlord
 31372 | Orc:4    | Found Jacon's General Store.
 31467 | Orc:4    | Bought a scroll of remove curse for 45 gold pieces
 31467 | Orc:4    | Bought a scroll of teleportation for 45 gold pieces
 31467 | Orc:4    | Bought a scroll of remove curse for 45 gold pieces
 31684 | Orc:4    | Reached skill level 9 in Armour
 31719 | Orc:4    | Found Ilawoabu's Antique Armour Shoppe.
 32057 | Orc:4    | Bought a book of Air for 525 gold pieces
 32063 | Orc:4    | Learned a level 2 spell: Repel Missiles
 32066 | Orc:4    | Learned a level 2 spell: Swiftness
 32070 | Orc:4    | Learned a level 3 spell: Flight
 32074 | Orc:4    | Learned a level 3 spell: Ozocubu's Armour
 32112 | Orc:3    | Killed Alarkh's ghost
 32168 | Orc:2    | Found Jamin's General Store.
 32254 | Orc:2    | Bought a scroll of identify for 22 gold pieces
 32254 | Orc:2    | Bought a scroll of magic mapping for 38 gold pieces
 32429 | Orc:2    | Found an iron altar of Okawaru.
 32429 | Orc:2    | Noticed Sonja
 32456 | Orc:2    | Killed Sonja
 32844 | D:13     | Reached XP level 15. HP: 102/122 MP: 18/27
 32904 | D:13     | Found a frozen archway.
 32934 | IceCv    | Entered an ice cave
 32954 | IceCv    | Reached skill level 10 in Armour
 33376 | IceCv    | Reached skill level 11 in Invocations
 33532 | IceCv    | Noticed a frost giant
 33626 | IceCv    | Killed a frost giant
 34184 | D:13     | Found a gate to the Vaults.
 34215 | D:13     | Reached skill level 12 in Invocations
 34262 | D:13     | Reached skill level 9 in Fighting
 34799 | D:14     | Found a shattered altar of Ashenzari.
 35226 | D:14     | Reached skill level 10 in Fighting
 35894 | D:14     | Reached skill level 11 in Armour
 36284 | D:14     | Got a bronze plate armour
 36474 | D:14     | Got a twitching copper ring
 36504 | D:15     | Entered Level 15 of the Dungeon
 36585 | D:15     | HP: 26/126 [rakshasa/orb of energy (8)]
 36977 | D:15     | Reached XP level 16. HP: 107/134 MP: 25/29
 37067 | D:15     | Identified the +10 plate armour of the Orb {rN+ Dex+4 Slay+3} (You found it on level 14 of the Dungeon)
 37101 | D:15     | Reached skill level 1 in Charms
 37215 | D:15     | Reached skill level 1 in Air Magic
 37458 | D:15     | Reached skill level 2 in Charms
 37508 | D:15     | Reached skill level 2 in Air Magic
 37512 | D:15     | Reached skill level 12 in Armour
 37519 | D:15     | Found Cryplown's Antique Armour Emporium.
 37657 | D:15     | Reached skill level 3 in Charms
 37672 | D:15     | Found a staircase to the Depths.
 37861 | D:15     | Reached skill level 3 in Air Magic
 38396 | Spider:1 | Entered Level 1 of the Spider Nest
 38439 | Spider:1 | Reached skill level 4 in Charms
 38663 | Spider:1 | Noticed Donald
 38686 | Spider:1 | Killed Donald
 38686 | Spider:1 | Reached skill level 4 in Air Magic
 38776 | Spider:1 | Identified the ring of Hard Scrabble {Wiz MP+9} (You found it on level 14 of the Dungeon)
 38822 | Spider:1 | Noticed Nessos
 38829 | Spider:1 | Killed Nessos
 39008 | Spider:1 | Reached skill level 5 in Charms
 39221 | Spider:1 | Got a pair of heavily runed boots
 39266 | Spider:1 | Identified the +0 pair of boots "Ziwnuf Muem" {-Cast rN+ Dex+4} (You found it on level 1 of the Spider Nest)
 39618 | Spider:2 | Reached skill level 5 in Air Magic
 40021 | Spider:2 | Reached skill level 6 in Charms
 40465 | Spider:3 | Reached skill level 6 in Air Magic
 40695 | Spider:3 | Reached skill level 7 in Charms
 40720 | Spider:3 | Reached XP level 17. HP: 140/140 MP: 30/30
 41348 | Spider:4 | Reached skill level 7 in Air Magic
 41687 | Spider:4 | Reached skill level 8 in Charms
 42311 | Spider:4 | Reached skill level 8 in Air Magic
 42539 | Spider:4 | Got a pair of ancient boots
 42551 | Spider:4 | Identified the -6 pair of boots of the Undertaker {rCorr} (You acquired it on level 4 of the Spider Nest)
 42960 | Spider:5 | Entered Level 5 of the Spider Nest
 43157 | Spider:5 | Reached skill level 7 in Evocations
 43402 | Spider:5 | Noticed Kirke
 43413 | Spider:5 | Killed Kirke
 43633 | Spider:5 | Reached skill level 8 in Evocations
 44121 | Spider:5 | Reached skill level 9 in Evocations
 44936 | Spider:5 | Got a gossamer rune of Zot
 45090 | Spider:5 | Noticed Agnes
 45120 | Spider:5 | Killed Agnes
 45120 | Spider:5 | Reached skill level 19 in Unarmed Combat
 45120 | Spider:5 | Reached XP level 18. HP: 112/146 MP: 23/31
 45692 | D:15     | Bought the +2 hat of the Bear Spirit {Spirit, +Rage rN+ MR++} for 1038 gold pieces
 46073 | Shoals:1 | Entered Level 1 of the Shoals
 46480 | Shoals:1 | Reached skill level 1 in Spellcasting
 47133 | Shoals:2 | Noticed Polyphemus
 47216 | Shoals:2 | Killed Polyphemus
 47216 | Shoals:2 | Reached skill level 2 in Spellcasting
 47402 | Shoals:2 | Learned a level 4 spell: Control Teleport
 47408 | Shoals:2 | Learned a level 5 spell: Phase Shift
 47437 | Shoals:2 | Reached skill level 3 in Spellcasting
 47683 | Shoals:2 | Noticed Norris
 47734 | Shoals:2 | Killed Norris
 47876 | Shoals:2 | HP: 33/147 [tentacle[a kraken] (9)]
 48898 | Shoals:3 | Reached skill level 4 in Spellcasting
 49561 | Shoals:3 | Reached skill level 20 in Unarmed Combat
 50127 | Shoals:4 | Cast into the Abyss (merfolk impaler)
 50313 | Abyss:1  | Reached skill level 13 in Armour
 50368 | Abyss:1  | Noticed a bone dragon
 50641 | Abyss:1  | Found a corrupted altar of Lugonu.
 50643 | Abyss:1  | Noticed a lich
 50769 | Abyss:1  | HP: 36/147 [starcursed mass/accursed screaming (11)]
 50769 | Abyss:1  | Paralysed by accursed screaming for 1 turns
 50775 | Abyss:1  | HP: 34/147 [starcursed mass/accursed screaming (4)]
 50852 | Abyss:1  | Got a transparent emerald amulet
 51123 | Abyss:1  | LET ME LEAVE
 51356 | Abyss:1  | Noticed a lich
 51373 | Abyss:1  | Noticed a bone dragon
 51513 | Abyss:1  | Identified the amulet "Wah Ewu" {rMut rF+ MP+9 Str+4 Int-5} (You found it on level 1 of the Abyss)
 51790 | Abyss:1  | Noticed a lich
 51796 | Abyss:1  | Killed a lich
 51859 | Abyss:1  | Reached XP level 19. HP: 128/149 MP: 31/31
 52187 | Abyss:1  | Reached skill level 14 in Armour
 52337 | Abyss:1  | Lost intelligence.
 52388 | Abyss:1  | HP: 35/141 [flying skull (4)]
 52392 | Abyss:1  | HP: 11/141 [small abomination (11)]
 52394 | Abyss:1  | HP: 3/141 [burnt (3)]
 52394 | Abyss:1  | Forgot to exist ... caused by a neqoxec

Action                   |  1- 3 |  4- 6 |  7- 9 | 10-12 | 13-15 | 16-18 | 19-21 || total
-------------------------+-------+-------+-------+-------+-------+-------+-------++-------
Melee: Unarmed           |   110 |   306 |   554 |  1278 |  2048 |  2054 |    55 ||  6405
       Rod               |       |       |       |       |     1 |     1 |     8 ||    10
 Fire: Blowgun           |       |       |       |    12 |     7 |     1 |       ||    20
Throw: Stone             |     5 |    21 |    70 |   102 |   122 |    77 |       ||   397
 Cast: Repel Missiles    |       |       |       |       |       |     8 |       ||     8
       Swiftness         |       |       |       |       |       |     3 |       ||     3
       Flight            |       |       |       |       |       |    15 |       ||    15
Invok: Lesser Servant of |       |       |       |    15 |    45 |    54 |     8 ||   122
       Minor Destruction |       |       |       |     9 |     1 |     1 |       ||    11
       Major Destruction |       |       |       |       |    30 |    90 |       ||   120
       Greater Servant o |       |       |       |       |     1 |     1 |       ||     2
Evoke: Wand              |       |     2 |       |    12 |     4 |     2 |     1 ||    21
       Rod               |       |       |       |     4 |    45 |    51 |     1 ||   101
       Deck              |       |       |       |       |     4 |     1 |       ||     5
       Stone of tremors  |       |       |       |       |     2 |     4 |       ||     6
  Use: Scroll            |     4 |    14 |     4 |    23 |    14 |    19 |     2 ||    80
       Potion            |       |       |       |     3 |     8 |    18 |     5 ||    34
 Stab: Sleeping          |     2 |     2 |     1 |     1 |     2 |       |       ||     8
       Distracted        |       |       |       |     3 |    22 |    17 |     1 ||    43
       Paralysed         |       |       |       |       |     4 |       |       ||     4
       Confused          |       |       |       |       |       |     1 |       ||     1
  Eat: Chunk             |     7 |    26 |    22 |    90 |   124 |   125 |       ||   394
       Pizza             |       |       |       |     1 |       |     1 |       ||     2
       Beef jerky        |       |       |       |       |     1 |       |       ||     1
       Meat ration       |       |       |       |       |       |     2 |       ||     2

Vault maps used:
D:1:      ncdulo_wetmaze, nemelex_diamond_rough_becter
D:2:      first_bread, nicolae_gozag_seed_capital
D:3:      uniq_robin, uniq_natasha, uniq_terence
D:4:      minitemple, serial_shops, shop, nicolae_underground_beach
D:5:      minmay_temple_entry_mist, gup_sewer_entry_bowl, uniq_duvessa
D:6:      nicolae_overflow_hidden_temple, grunt_qazlal_sundering
D:7:      cheibriados_altar_1
D:8:      lemuel_zombie_altar_yredelemnul
D:9:      grunt_temple_overflow_open, hangedman_abyss_or_decor_clamps
D:10:     minmay_orc_entry_temple_small, basic_altar
D:11:     lair_0_dummy, serial_shops, shop, uniq_erolcha
D:12:     minmay_klotski
D:13:     lightli_vaults_fourway_checkpoint, portal_ice_cave_entry_pillars_03
D:14:     minmay_elf_outpost, ashenzari_altar_1
D:15:     grunt_enter_depths_magical_seal, serial_shops, shop
Lair:1:   minivault_26, serial_bayou_ford_a, uniq_joseph
Lair:2:   minmay_holes, zaba_antful_of_joy, grunt_megastairs_2, uniq_gastronok
Lair:4:   spider_nest_entry_webs, special_room, lab_entry_generic
Lair:5:   spider_nest_entry_rubble, uniq_harold
Lair:6:   minmay_shoals_entry_lonely_mermaid, minmay_slime_entry_oklob_enclosed
Lair:7:   grunt_megastairs_5, uniq_rupert
Lair:8:   evil_forest, basic_altar, serial_bayou_pond_c
Shoals:1: nicolae_shoals_so_close
Shoals:2: st_cyclops, uniq_norris, uniq_polyphemus
Spider:1: guppyfry_spider_mini_3, uniq_nessos, uniq_donald
Spider:3: nicolae_spider_webs_and_nodes
Spider:4: hangedman_stitches_earthworm
Spider:5: grunt_spider_rune_circles, spider_trap, uniq_kirke, uniq_agnes
Orc:1:    minmay_goldmine, uniq_eustachio
Orc:2:    basic_altar, serial_shops, shop, uniq_urug, uniq_sonja
Orc:3:    serial_shops, shop, shop_fountains, nicolae_shop_statue_plus,
          shop_fountains, nicolae_orc_pool_cavern, uniq_grum, uniq_snorg,
          uniq_nergalle
Orc:4:    grunt_orc_gardens, grunt_orc_garden, grunt_orc_garden,
          grunt_orc_garden, grunt_orc_garden, minmay_orc_temple_a
Abyss:1:  grunt_abyss_exit_deep_breaths
Lab:      labyrinth_skeletal_remains
IceCv:    ice_cave_caverns_01

Table legend:
 A = Turns spent in this place as a percentage of turns spent in the entire game.
 B = Non-inter-level travel turns spent in this place as a percentage of non-inter-level travel turns spent in the entire game.
 C = Inter-level travel turns spent in this place as a percentage of turns spent in this place.
 D = Turns resting spent in this place as a percentage of non-inter-level travel turns spent in this place.
 E = Turns spent auto-exploring this place as a percentage of non-inter-level travel turns spent in this place.
 F = Non-inter-level travel turns spent in this place divided by the number of levels of this place that you've seen.
                   A       B       C       D       E      F
               +-------+-------+-------+-------+-------+----------------------
         Total | 100.0 | 100.0 |   0.6 |   0.7 |   3.5 | 773.5
       Dungeon |  33.4 |  33.3 |   0.9 |   0.6 |   4.6 | 670.1
          Lair |  20.4 |  20.4 |   0.6 |   0.9 |   3.7 | 770.4
        Shoals |   8.6 |   8.6 |   0.4 |   0.5 |   2.2 | 648.2
   Spider Nest |  14.8 |  14.8 |   0.6 |   0.8 |   2.8 | 891.6
  Orcish Mines |   9.7 |   9.6 |   1.1 |   0.5 |   6.0 | 725.8
         Abyss |   7.2 |   7.3 |   0.0 |   0.6 |   0.0 | 2201.0
     Labyrinth |   3.2 |   3.2 |   0.0 |   0.9 |   0.0 | 968.0
      Ice Cave |   2.7 |   2.7 |   0.0 |   0.0 |   1.2 | 829.0
               +-------+-------+-------+-------+-------+----------------------

Table legend:
 A = Kills in this place as a percentage of kills in entire the game.
 B = Kills by you in this place as a percentage of kills by you in the entire game.
 C = Kills by friends in this place as a percentage of kills by friends in the entire game.
 D = Other kills in this place as a percentage of other kills in the entire game.
 E = Experience gained in this place as a percentage of experience gained in the entire game.
 F = Experience gained in this place divided by the number of levels of this place that you have seen.
                   A       B       C       D       E      F
               +-------+-------+-------+-------+-------+----------------------
         Total | 100.0 | 100.0 | 100.0 | 100.0 | 100.0 | 8214.8
       Dungeon |  31.7 |  35.1 |   6.2 |   0.0 |  20.5 | 4374.1
          Lair |  18.7 |  19.1 |  15.7 |   0.0 |  15.4 | 6159.0
        Shoals |   6.2 |   5.2 |  14.0 |   0.0 |  15.3 | 12282.0
   Spider Nest |  17.2 |  18.2 |   9.0 |  40.0 |  30.6 | 19590.4
  Orcish Mines |  18.2 |  14.6 |  46.6 |   0.0 |   6.3 | 5029.8
         Abyss |   4.7 |   4.4 |   5.6 |  40.0 |   7.9 | 25225.0
      Ice Cave |   3.4 |   3.4 |   2.8 |  20.0 |   4.1 | 13070.0
               +-------+-------+-------+-------+-------+----------------------
